 Dungeon Crawl Stone Soup version 0.24.0-125-gc4c63601f3 (webtiles) character file.

Game seed: 9271495141778649082, levelgen mode: deterministic

484 Peloso the Shield-Bearer (level 6, 0/53 HPs)
             Began as a Minotaur Fighter on Feb 29, 2020.
             Succumbed to a water moccasin's poison
             ... on level 4 of the Dungeon.
             The game lasted 00:05:52 (3771 turns).

Peloso the Shield-Bearer (Minotaur Fighter)         Turns: 3771, Time: 00:05:52

Health: 0/53       AC: 12    Str: 22    XL:     6   Next: 88%
Magic:  5/5        EV:  5    Int:  5    God:
Gold:   145        SH: 10    Dex: 10    Spells: 5/5 levels left

rFire    + . .     SeeInvis .   a - +0 falchion (flame)
rCold    . . .     Gourm    .   c - +0 shield
rNeg     . . .     Faith    .   s - +0 chain mail
rPois    .         Spirit   .   (helmet restricted)
rElec    .         Reflect  .   (no cloak)
rCorr    .         Harm     .   o - +0 pair of gloves
MR       .....                  i - +0 pair of boots
Stlth    ..........             l - amulet of magic regeneration
HPRegen  0.17/turn              h - ring of protection from fire
MPRegen  0.34/turn              m - -2 ring of evasion (curse)

@: lethally poisoned (0 -> -15), flying, hasted, very quick
A: retaliatory headbutt, horns 2
a: no special abilities


You were on level 4 of the Dungeon.
You were hungry.

You visited 1 branch of the dungeon, and saw 4 of its levels.

You collected 145 gold pieces.

Inventory:

Hand Weapons
 a - a +0 falchion of flaming (weapon)
Armour
 b - a +0 scale mail
 c - a +0 shield (worn)
 i - a +0 pair of boots (worn)
 o - a +0 pair of gloves (worn)
 s - a +0 chain mail (worn)
Jewellery
 h - a ring of protection from fire (left hand)
 l - an amulet of magic regeneration (around neck)
 m - a cursed -2 ring of evasion (right hand)
Scrolls
 e - 2 scrolls of identify
 g - 2 scrolls of magic mapping
 j - 2 scrolls of remove curse
 p - a scroll of teleportation
 r - 4 scrolls of enchant weapon {unknown}
 t - a scroll of fear {unknown}
 u - a scroll of amnesia {unknown}
Potions
 d - 4 potions of might
 k - a potion of haste
 n - a potion of flight
 q - a potion of magic
Comestibles
 f - 2 rations


   Skills:
 + Level 4.7 Fighting
 + Level 4.5 Long Blades
 + Level 5.6 Armour
 + Level 1.8 Dodging
 + Level 6.2 Shields


You had 5 spell levels left.
You didn't know any spells.
Your spell library was empty.

Dungeon Overview and Level Annotations

Branches:
Dungeon (4/15)
 Temple: D:4-7

Altars:
Hepliaklqana

Shops:
D:4 *


Innate Abilities, Weirdness & Mutations

You reflexively headbutt those who attack you in melee.
You have a pair of horns on your head.


Message History

The water moccasin bites you but does no damage.
Unknown command.
You slash the water moccasin! You burn the water moccasin.
You kill the water moccasin!
* * * LOW HITPOINT WARNING * * *
You feel sick.
* * * LOW HITPOINT WARNING * * *
You feel sick.
There is an open door here.
Things that are here:
a water moccasin corpse; an adder corpse x2
Unknown command.
It was a potion of flight.
You feel very buoyant.
You fly up into the air.
* * * LOW HITPOINT WARNING * * *
You feel sick.
Unknown command.
You feel yourself speed up.
You die...

..........##.......##....
.........................
.......#.......###.......
.......#......## #.......
.#...........####.#####.
##...............##.#..
.##............##.......
.............####....#..
.##.##@##.#.####....##.
#...#.####.........
#.∩.#..###..#....#.
#...#.......##...##
##+###..#...#.÷....
###..........
#...........
#..##..#..... #.
#..####...


There were no monsters in sight!

Vanquished Creatures
  A water moccasin (D:4)
  A sky beast (D:3)
  A hound (D:4)
  An orc priest (D:3)
  A worker ant (D:4)
  Natasha (thrice) (D:2)
  9 adders
  A worm (D:3)
  A dart slug (D:3)
  4 leopard geckos
  2 orcs (D:3)
  3 giant cockroaches
  4 goblins
  A quokka (D:3)
  A ball python (D:4)
  4 bats
  4 frilled lizards
  2 kobolds (D:3)
  6 rats
50 creatures vanquished.

Notes
Turn   | Place    | Note
-------+----------+-------------------------------------------
     0 | D:1      | Peloso the Minotaur Fighter began the quest for the Orb.
     0 | D:1      | Reached XP level 1. HP: 19/19 MP: 0/0
   441 | D:1      | Reached XP level 2. HP: 27/27 MP: 1/1
   466 | D:1      | Reached skill level 4 in Shields
  1039 | D:2      | Noticed Natasha
  1046 | D:2      | Noticed a crimson imp
  1049 | D:2      | Killed Natasha
  1049 | D:2      | Reached XP level 3. HP: 3/33 MP: 2/2
  1058 | D:2      | Noticed Natasha
  1059 | D:2      | HP: 1/33 [Natasha/magic dart (4)]
  1066 | D:2      | Killed Natasha
  1237 | D:2      | Reached XP level 4. HP: 28/40 MP: 3/3
  1241 | D:2      | Noticed Natasha
  1252 | D:2      | Killed Natasha
  1252 | D:2      | Reached skill level 5 in Shields
  2038 | D:3      | Noticed a sky beast
  2308 | D:3      | Killed a sky beast
  2308 | D:3      | Reached skill level 1 in Dodging
  2308 | D:3      | Reached XP level 5. HP: 14/46 MP: 4/4
  2531 | D:3      | Reached skill level 5 in Armour
  2771 | D:3      | Reached XP level 6. HP: 53/53 MP: 5/5
  3691 | D:4      | Found a hazy altar of Hepliaklqana.
  3741 | D:4      | Found Rupteg's Serpentskin Sales.
  3741 | D:4      | Noticed a water moccasin
  3748 | D:4      | Reached skill level 6 in Shields
  3768 | D:4      | Killed a water moccasin
  3769 | D:4      | HP: 2/53 [poisoned by a water moccasin]
  3771 | D:4      | Succumbed to a water moccasin's poison

Levels and vault maps discovered:
D:1:      lemuel_arrival_tunnels, layout_loops_corners
D:2:      layout_basic, uniq_natasha
D:3:      layout_basic
D:4:      layout_cave_pools, lemuel_round_altar, guppyfry_shop_venom

Skill      XL: |  1  2  3  4  5  6 |
---------------+-------------------+-----
Fighting       | 4 |  4.7
Shields        | 4 5 6 |  6.2
Armour         | 4 5 |  5.6
Long Blades    | 3 4 |  4.5
Dodging        | 1 |  1.8

Action                   |  1- 3 |  4- 6 || total
-------------------------+-------+-------++-------
Melee: Long sword        |    45 |    70 ||   115
       Headbutt          |     3 |    22 ||    25
       Falchion          |       |    72 ||    72
  Use: Potion            |     1 |     4 ||     5
       Scroll            |       |     6 ||     6
  Eat: Chunk             |     1 |     4 ||     5
       Ration            |       |     1 ||     1
Armor: Scale mail        |    30 |    42 ||    72
       Chain mail        |       |    30 ||    30
Dodge: Dodged            |    15 |    27 ||    42
Block: Shield            |    26 |    69 ||    95
       Rpst.: Long sword |     3 |     4 ||     7
       Falchion          |       |     4 ||     4
